 Dungeon Crawl Stone Soup version 0.31.0-11-ge490571c62 (webtiles) character file.

Game seed: 14106676018644825572

9 browni3141 the Trooper (level 2, 24/24 HPs)
             Began as a Demonspawn Fighter on Jan 31, 2024.
             Got out of the dungeon alive.
             The game lasted 00:00:11 (489 turns).

browni3141 the Trooper (Demonspawn Fighter)          Turns: 489, Time: 00:00:11

Health: 24/24      AC:  6    Str: 16    XL:     2   Next: 6%
Magic:  2/2        EV:  8    Int:  8    God:
Gold:   36         SH:  4    Dex: 12    Spells: 1/1 levels left

rFire   . . .        a - +0 flail
rCold   . . .        c - +0 buckler
rNeg    . . .        b - +0 scale mail
rPois   .            (no helmet)
rElec   .            (no cloak)
rCorr   .            (no gloves)
SInv    .            (no boots)
Will    .....        (no amulet) Stlth
                     (no ring)
HPRegen 0.24/turn    (no ring)
MPRegen 0.08/turn

%: no passive effects
@: no status effects
A: ignite blood 1
a: no special abilities


You escaped.
You visited 1 branch of the dungeon, and saw 1 of its levels.

You collected 36 gold pieces.

Inventory:

Hand Weapons
 a - a +0 flail (weapon)
Armour
 b - a +0 scale mail (worn)
 c - a +0 buckler (worn)
Scrolls
 e - a scroll of enchant armour {unknown}
 f - 2 scrolls of identify {unknown}
Potions
 d - a potion of might
 g - a potion of curing {unknown}
 h - a potion of brilliance {unknown}


   Skills:
 + Level 3.1 Fighting
 + Level 2.0 Maces & Flails
 + Level 2.8 Armour
 + Level 2.8 Shields


You had one spell level left.
You didn't know any spells.
Your spell library was empty.

Dungeon Overview and Level Annotations

Branches:
Dungeon (1/15)

Altars:


Innate Abilities, Weirdness & Mutations

Your demonic aura sometimes causes spilled blood to erupt in flames.


Message History

You kill the ball python!
HP restored.
A goblin comes into view. It is wielding a +0 dagger.
The goblin shouts!
The goblin moves out of view.
No target in view!
You see here a scroll labelled DAVOFR XUTEUL.
A goblin is nearby!
A goblin is nearby!
You block the goblin's attack.
A goblin is nearby!
You hit the goblin.
The goblin is moderately wounded.
The goblin hits you but does no damage.
A goblin is nearby!
You hit the goblin.
The goblin is severely wounded.
The goblin hits you with a +0 dagger.
A goblin is nearby!
You closely miss the goblin.
The goblin is severely wounded.
The goblin completely misses you. The goblin hits you with a +0 dagger.
You barely miss the goblin.
The goblin is severely wounded.
The goblin completely misses you.
You barely miss the goblin.
The goblin is severely wounded.
The goblin hits you but does no damage.
You hit the goblin.
You kill the goblin!
You see here a +0 dagger.
No target in view!
You now have 19 gold pieces (gained 11).
Key pressed, stopping explore.
No target in view!
f - a scroll labelled DAVOFR XUTEUL No target in view!
You open the door.
A goblin comes into view. It is wielding a +0 club.
The goblin shouts!
There is an open door here.
A goblin is nearby!
A goblin is nearby!
You hit the goblin.
You kill the goblin!
You see here a +0 club.
g - an amethyst potion No target in view!
You now have 36 gold pieces (gained 17).
You see here a +0 leather armour.
Key pressed, stopping explore.
No target in view!
No target in view!
An endoplasm comes into view.
The endoplasm quivers.
The endoplasm moves out of view.
You enter the shallow water.
Moving in this stuff is going to be slow.
An endoplasm is nearby!
You enter the shallow water.
Moving in this stuff is going to be slow.
An endoplasm is nearby!
You sock the endoplasm!
You kill the endoplasm!
Your Maces & Flails skill increases to level 2!
f - 2 scrolls labelled DAVOFR XUTEUL (gained 1)
h - a golden potion No target in view!
You see here a +0 falchion.
A giant cockroach comes into view.
A rat comes into view.
The rat squeaks loudly.
There are monsters nearby!
You enter the shallow water.
Moving in this stuff is going to be slow.
The giant cockroach bites you.
There are monsters nearby!
You barely miss the giant cockroach. The giant cockroach barely misses you.
There are monsters nearby!
Your unstable footing causes you to fumble your attack.
The giant cockroach bites you but does no damage.
The rat bites you but does no damage.
The giant cockroach bites you but does no damage.
There are monsters nearby!
You hit the rat.
You kill the rat!
The giant cockroach closely misses you. The giant cockroach barely misses you.
You have reached level 2!
Your demonic ancestry asserts itself...
Your blood heats up.
Unknown command.
Unknown command.
You thump the giant cockroach!
You kill the giant cockroach!
No target in view!
There is an open door here.
There is an open door here.
There is an open door here.
There is a staircase leading out of the dungeon here.
You have escaped!

####
##.@#########
#....#......#
#....'......#
##..#########
#'## #..# #
#..# ## #..#
..P..#..# #.
#..# P...#..#
##


There were no monsters in sight!

Vanquished Creatures
  2 ball pythons (D:1)
  An endoplasm (D:1)
  A giant cockroach (D:1)
  2 goblins (D:1)
  3 rats (D:1)
9 creatures vanquished.

Notes
Turn   | Place    | Note
-------+----------+-------------------------------------------
     0 | D:1      | browni3141 the Demonspawn Fighter began the quest for the
                  | Orb.
     0 | D:1      | Reached XP level 1. HP: 18/18 MP: 1/1
   401 | D:1      | Gained mutation: Your demonic aura sometimes causes spilled
                  | blood to erupt in flames. [demonic ancestry]
   401 | D:1      | Reached XP level 2. HP: 22/24 MP: 2/2
   489 | D:$      | Got out of the dungeon alive.

Illustrated notes

Levels and vault maps discovered:
D:1:      sevenhm_arrival_forest_fort_large_4, layout_loops_corners,
          kennysheep_crisscross

Skill      XL: |  1 |
---------------+----+-----
Maces & Flails | 2 |  2.0
Fighting       | |  3.1
Armour         | |  2.8
Shields        | |  2.8

Action                     || total
---------------------------++-------
  Melee: Flail             ||    21
 Armour: Scale mail        ||    11
  Dodge: Dodged            ||    14
  Block: Buckler           ||     2
